 Dungeon Crawl Stone Soup version 0.27.1-4-g1640c2035a (webtiles) character file.

Game seed: 620863773442735270

161 Crownlay the Chopper (level 5, -4/67 HPs)
             Began as a Hill Orc Fighter on Nov 6, 2021.
             Slain by a water moccasin (6 damage)
             ... on level 3 of the Dungeon.
             The game lasted 00:03:31 (2777 turns).

Crownlay the Chopper (Hill Orc Fighter)             Turns: 2777, Time: 00:03:32

Health: -4/67      AC: 10    Str: 20    XL:     5   Next: 42%
Magic:  5/5        EV:  7    Int:  8    God:
Gold:   57         SH:  9    Dex: 10    Spells: 4/4 levels left

rFire    . . .     SeeInvis .   a - +0 war axe
rCold    . . .     Faith    .   c - +0 kite shield
rNeg     . . .     Spirit   .   b - +0 scale mail
rPois    .         Reflect  .   (no helmet)
rElec    .         Harm     .   j - +1 cloak
rCorr    .         Rampage  .   i - +0 pair of gloves
Will     .....                  (no boots)
Stlth    ..........             (no amulet)
HPRegen  0.21/turn              (no ring)
MPRegen  0.09/turn              (no ring)

@: berserking, lethally poisoned (-4 -> -6), attractive, flying, very quick
A: no striking features
a: no special abilities


You were on level 3 of the Dungeon.
You visited 1 branch of the dungeon, and saw 4 of its levels.

You collected 90 gold pieces.
You spent 33 gold pieces at shops.

Inventory:

Hand Weapons
 a - a +0 war axe (weapon)
Missiles
 l - 8 silver boomerangs (quivered)
Armour
 b - a +0 scale mail (worn)
 c - a +0 kite shield (worn)
 i - a +0 pair of gloves (worn)
 j - a +1 cloak (worn)
Scrolls
 g - 3 scrolls of teleportation
 h - a scroll of identify
 k - a scroll of noise
 o - a scroll of enchant armour {unknown}
Potions
 d - a potion of might
 e - a potion of brilliance


   Skills:
 - Level 3.6 Fighting
 * Level 6.1 Axes
 - Level 3.2 Armour
 + Level 4.5 Shields


You had 4 spell levels left.
You didn't know any spells.
Your spell library contained the following spells:

 Spells                   Type           Power      Damage    Failure   Level
 Shock                    Conj/Air       0%         1d3       99%         1
 Swiftness                Air            0%         N/A       100%        3
 Airstrike                Air            0%         N/A       100%        4


Dungeon Overview and Level Annotations

Branches:
Dungeon (4/15)
 Temple: D:4-7

Altars:
Gozag

Shops:
D:2 [*(=?

Annotations:
D:3 1 runed translucent door, hurston's ghost, amateur GrFi


Message History

You slash the water moccasin!
You feel extremely sick. The water moccasin barely misses you.
The kobold hits you but does no damage. The water moccasin bites you.
The kobold hits you with a +0 dagger.
You are too injured to fight recklessly!
You are too injured to fight recklessly!
You are too injured to fight recklessly!
You are too injured to fight recklessly!
* * * LOW HITPOINT WARNING * * *
You feel very sick. You block the water moccasin's attack.
* * * LOW HITPOINT WARNING * * *
You feel very sick.
There is a stone staircase leading up here.
Okay, then.
* * * LOW HITPOINT WARNING * * *
You feel sick. You block the water moccasin's attack.
You climb upwards.
Level annotation: 1 runed translucent door, hurston's ghost, amateur GrFi
* * * LOW HITPOINT WARNING * * *
You feel very sick.
There is a stone staircase leading down here.
Okay, then.
It was a potion of attraction.
You feel attractive to monsters.
* * * LOW HITPOINT WARNING * * *
You feel sick. The water moccasin barely misses you.
You block the water moccasin's attack.
It was a potion of flight.
You feel very buoyant.
You fly up into the air.
* * * LOW HITPOINT WARNING * * *
You feel sick. You block the water moccasin's attack.
It was a potion of berserk rage.
A red film seems to cover your vision as you go berserk!
You feel yourself moving faster!
You feel mighty!
You feel sick. The water moccasin bites you.
* * * LOW HITPOINT WARNING * * *
The water moccasin bites you.
You die...

##### #...##.... ###############
#...# ##..#..#... ..............#
#...# #...#..††..
.####.........###...###....######
..# #..........#....#......†.....
..###†.........#......#.........#
#...#.........>......######.#####
#.#..#####...###.......# #)#
#.##...###......@S..##.####.#
#.####.......##.##..##......#####
#...........###.##..#####......).
.....#....#.#..<.....# #........
[.......#............## #........
........###.#.....)...###........
......#..<.........).............
.....######.#...###....##........
.....# #....##W##.............


You could see a water moccasin.

Vanquished Creatures
  A hound (D:3)
  Terence (D:3)
  2 adders (D:3)
  An adder skeleton (D:2)
  A worm (D:3)
  4 dart slugs
  An orc (D:3)
  9 bats
  5 endoplasms
  A giant cockroach (D:3)
  6 goblins
  7 hobgoblins
  8 jackals (D:1)
  2 quokkas
  8 ball pythons
  3 frilled lizards
  4 kobolds
  4 rats
68 creatures vanquished.

Notes
Turn   | Place    | Note
-------+----------+-------------------------------------------
     0 | D:1      | Crownlay the Hill Orc Fighter began the quest for the Orb.
     0 | D:1      | Reached XP level 1. HP: 19/19 MP: 1/1
    56 | D:1      | Reached skill level 3 in Axes
    78 | D:1      | Reached XP level 2. HP: 25/26 MP: 2/2
   386 | D:1      | Reached skill level 4 in Axes
   431 | D:1      | Reached XP level 3. HP: 31/31 MP: 3/3
  1165 | D:2      | Found an opulent altar of Gozag.
  1179 | D:2      | Found Yheuxt's Weapon Emporium.
  1212 | D:2      | Found Merghist's Jewellery Shop.
  1240 | D:2      | Found Wanifeno's Magic Scroll Shoppe.
  1259 | D:2      | Bought a scroll of identify for 22 gold pieces
  1259 | D:2      | Bought a scroll of noise for 11 gold pieces
  1360 | D:2      | Found Fus Okke's Assorted Antiques.
  1365 | D:2      | Found Bikep's Antique Armour Boutique.
  1490 | D:2      | Found a faded altar of an unknown god.
  1942 | D:3      | Noticed hurston's ghost (amateur GrFi)
  1943 | D:3      | Found a runed translucent door.
  1964 | D:3      | Reached skill level 5 in Axes
  1964 | D:3      | Reached XP level 4. HP: 31/39 MP: 4/4
  2053 | D:3      | Noticed Terence
  2066 | D:3      | Killed Terence
  2328 | D:3      | Reached skill level 6 in Axes
  2328 | D:3      | Reached XP level 5. HP: 37/45 MP: 5/5
  2763 | D:4      | Noticed a water moccasin
  2777 | D:3      | HP: 2/67 [water moccasin (2)]
  2777 | D:3      | Slain by a water moccasin

Illustrated notes

Levels and vault maps discovered:
D:1:      matt_arrival_refuge, layout_loops_ring
D:2:      layout_loops_cross, shapermc_ecumenical_altar_pompeii, basic_altar,
          serial_shops, shop, nicolae_square_shop, nicolae_shop_trees, shop,
          nicolae_shop_crystal, serial_undead, serial_undead_d, serial_undead_e,
          serial_undead_a, serial_undead_a, minmay_misc_feat_five
D:3:      layout_rooms, hellmonk_ghost_happy_afterlife, minmay_curled_crystal,
          uniq_terence
D:4:      layout_rooms, minmay_pentangle

Skill      XL: |  1  2  3  4 |
---------------+-------------+-----
Axes           | 3 4 5 6 |  6.1
Shields        | 4 |  4.5
Fighting       | |  3.6
Armour         | |  3.2

Action                   |  1- 3 |  4- 6 || total
-------------------------+-------+-------++-------
Melee: War axe           |   124 |    83 ||   207
Throw: Boomerang         |       |     2 ||     2
  Use: Scroll            |     2 |       ||     2
       Potion            |       |     3 ||     3
Armor: Scale mail        |    62 |    59 ||   121
Dodge: Dodged            |    39 |    33 ||    72
Block: Kite shield       |    73 |    66 ||   139
